 Dungeon Crawl Stone Soup version 0.21-a0-442-g848f44b (webtiles) character file.

27 esteth the Chopper (level 2, -10/27 HPs)
             Began as a Deep Dwarf Fighter on Nov 12, 2017.
             Mangled by an ogre
             ... wielding a +0 giant club
              (25 damage)
             ... on level 2 of the Dungeon.
             The game lasted 00:02:17 (988 turns).

esteth the Chopper (Deep Dwarf Fighter)              Turns: 988, Time: 00:02:17

Health: -10/27     AC:  6    Str: 19    XL:     2   Next: 93%
Magic:  0/2        EV:  7    Int:  8    God:
Gold:   46         SH:  9    Dex: 12    Spells: 1/1 levels left

rFire    . . .     SeeInvis .   a - +1 war axe
rCold    . . .     Gourm    .   c - +0 shield
rNeg     . . .     Faith    .   b - +0 scale mail
rPois    .         Spirit   +   (no helmet)
rElec    .         Reflect  .   (no cloak)
rCorr    .         Harm     .   (no gloves)
MR       .....                  (no boots)
Stlth    ..........             k - amulet of guardian spirit
HPRegen  0.00/turn              (no ring)
MPRegen  0.08/turn              (no ring)

@: non-regenerating
A: damage resistance, heal wounds, sense surroundings 1, no regeneration
a: Heal Wounds


You were on level 2 of the Dungeon.
You were not hungry.

You visited 1 branch of the dungeon, and saw 2 of its levels.

You collected 46 gold pieces.

Inventory:

Hand Weapons
 a - a +1 war axe (weapon)
Armour
 b - a +0 scale mail (worn)
 c - a +0 shield (worn)
Jewellery
 k - an amulet of guardian spirit (around neck)
Scrolls
 i - a scroll of random uselessness {unknown}
 l - 4 scrolls of identify {unknown}
 o - a scroll of fog
Potions
 d - a potion of might
 e - a potion of mutation {unknown}
 n - a potion of heal wounds {unknown}
Comestibles
 f - 2 bread rations
 g - a meat ration
 h - a fruit
 j - 4 chunks of flesh


   Skills:
 - Level 2.6 Fighting
 + Level 3.8 Axes
 - Level 3.2 Armour
 - Level 3.2 Shields


You had one spell level left.
You didn't know any spells.

Dungeon Overview and Level Annotations

Branches:
Dungeon (2/15)

Altars:

Annotations:
D:1 exclusion: 2 doors


Innate Abilities, Weirdness & Mutations

You are resistant to damage.
You can heal yourself by infusing magical energy.
You passively map a small area around you.
You do not regenerate.


Message History

You see here a dagger. x2
Found a spear.
You now have 46 gold pieces (gained 12).
An ogre comes into view. It is wielding a giant club.
The ogre shouts!
As you read the scroll labeled CAPPUU PAUGH, it crumbles to dust.
It is a scroll of enchant weapon.
Your +0 war axe glows red for a moment.
As you read the scroll labeled SANNAO BYDI, it crumbles to dust.
You feel aware of your surroundings.
You sensed 1 altar.
It was a scroll of magic mapping.
As you read the scroll labeled AMINKU UDEMOSM, it crumbles to dust.
The scroll dissolves into smoke.
It was a scroll of fog.
The ogre barely misses you.
You barely miss the ogre. The ogre barely misses you.
You completely miss the ogre. The ogre hits you with a giant club.
Your shield and scale mail prevent you from hitting the ogre.
The ogre hits you with a giant club!!
Ouch! That really hurt!
You die...

### #.# #.# #######
######.####### #.$.O.#
#............###O#**,*
#.###..##§§..§.#.# *,*
####.##...##§##§#.#.##*,*
#.<..##....§@O§§.....#*,*****
#.######...§§##§#....#,,,,,,,
****#.#,,...........#..#.#,,*****
,,,*#.#,,#######....#...)#,,*,,,,
**,*#.#*,*** #.##.#..#..,,*,,**
**,*#..,,,,* **#.##.#......#*,,*,
,,,,...,,*,* *,..##+#..#....,,,,,
**,*##.*,,,* *....,,.........*,,,
,,,,,,.#,*** *,,,,,,,,,,,,,,,,*,,


You could see an ogre.

Vanquished Creatures
  2 leopard geckos (D:1)
  A giant cockroach (D:1)
  4 goblins
  3 hobgoblins (D:1)
  3 jackals (D:1)
  3 frilled lizards (D:1)
  4 kobolds (D:1)
  5 rats (D:1)
25 creatures vanquished.

Notes
Turn   | Place    | Note
-------+----------+-------------------------------------------
     0 | D:1      | esteth the Deep Dwarf Fighter began the quest for the Orb.
     0 | D:1      | Reached XP level 1. HP: 20/20 MP: 1/1
   307 | D:1      | Reached XP level 2. HP: 22/27 MP: 0/2
   973 | D:2      | Noticed an ogre
   988 | D:2      | Mangled by an ogre

Vault maps used:
D:1:      dpeg_arrival_morbid_curiosity
D:2:      zin_scriptorium

Skill      XL: |  1 |
---------------+----+-----
Axes           | 3 |  3.8
Fighting       | |  2.6
Armour         | |  3.2
Shields        | |  3.2

Action                   || total
-------------------------++-------
Melee: War axe           ||    71
  Use: Scroll            ||     3
Armor: Scale mail        ||    31
Dodge: Dodged            ||    34
Block: Shield            ||    48

Table legend:
 A = Spawn XP
 B = Non-spawn XP
 C = Spawn XP percentage of total XP
 D = Spawn monster count
 E = Non-spawn monster count
 F = Spawn count percentage of total count
 G = Total turns spent on level
                    A         B        C        D         E        F      G
               +---------+---------+-------+---------+---------+-------+---------
         Total |       0 |      39 |   0.0 |       0 |      25 |   0.0 |   988
               +---------+---------+-------+---------+---------+-------+---------
           D:1 |       0 |      38 |   0.0 |       0 |      24 |   0.0 |   943
           D:2 |       0 |       1 |   0.0 |       0 |       1 |   0.0 |    45
               +---------+---------+-------+---------+---------+-------+---------
